 Dungeon Crawl Stone Soup version 0.27-a0-346-ga689d4a613 (webtiles) character file.

Game seed: 10670307228101935812

198189 Anon1729 the Gelid (level 17, -2/138 HPs)
             Began as a Demigod Ice Elementalist on Feb 15, 2021.
             Slain by an anaconda (3 damage)
             ... on level 1 of the Snake Pit.
             The game lasted 03:07:05 (58600 turns).

Anon1729 the Gelid (Demigod Ice Elementalist)      Turns: 58600, Time: 03:07:06

Health: -2/138     AC: 12    Str: 15    XL:     17   Next: 21%
Magic:  14/38      EV: 10    Int: 44    God:
Gold:   1070       SH:  8    Dex: 14    Spells: 3/39 levels left

rFire    . . .     SeeInvis .   q - +9 staff of Olgreb {rPois∞}
rCold    . . .     Faith    .   o - +3 warlock's mirror {reflect}
rNeg     + . .     Spirit   .   T - +0 acid dragon scales
rPois    ∞         Reflect  +   k - +0 helmet
rElec    .         Harm     .   j - scarf {repulsion}
rCorr    +         Rampage  .   (no gloves)
Will     ++...                  n - +0 pair of boots
Stlth    +++.......             v - amulet of the acrobat
HPRegen  0.33/turn              F - ring of Luoll {rN+ Int+6 Slay+3 Stlth+}
MPRegen  0.26/turn              S - ring "Liumong" {Wiz rC- Int+5 Slay+6}

@: constricted, studying 2 skills, repel missiles
A: cold resistance 1, high mp 1, strong-willed 1, shaggy fur 1, strong 1
}: 1/15 runes: barnacled
a: no special abilities


You were on level 1 of the Snake Pit.
You visited 6 branches of the dungeon, and saw 29 of its levels.
You visited the Abyss 2 times.
You visited 1 bazaar.
You also visited: Bailey and Ice Cave.

You collected 3442 gold pieces.
You spent 2372 gold pieces at shops.

Inventory:

Hand Weapons
 q - the +9 staff of Olgreb (weapon) {rPois∞}
   (You found it on level 7 of the Dungeon)

   It grants immunity to poison.
 C - a +1 demon trident of electrocution
 I - the +6 lajatang of Asacwyopt {elec, +Blink Str+5}
   (You acquired it on level 11 of the Dungeon)

   Occasionally, upon striking a foe, it can discharge electrical energy and
   cause terrible harm.
   It affects your strength (+5).
   It lets you blink.
 O - a +1 vampiric demon trident
Armour
 j - a scarf of repulsion (worn)
 k - a +0 helmet (worn)
 n - a +0 pair of boots (worn)
 o - the +3 warlock's mirror (worn) {reflect}
   (You found it on level 14 of the Dungeon)
 w - the +3 chain mail of Defence {Dex+3 Stlth+}
   (You bought it in a shop in a bazaar)

   It affects your dexterity (+3).
   It makes you more stealthy.
 T - +0 acid dragon scales (worn)
Jewellery
 a - a ring of protection from fire
 u - a ring of resist corrosion
 v - an amulet of the acrobat (around neck)
 y - an amulet of guardian spirit
 E - a ring of ice
 F - the ring of Luoll (left hand) {rN+ Int+6 Slay+3 Stlth+}
   (You acquired it on level 11 of the Dungeon)

   [ring of intelligence]

   It affects your intelligence (+6).
   It affects your accuracy and damage with ranged weapons and melee attacks
   (+3).
   It protects you from negative energy.
   It makes you more stealthy.
 L - a ring of see invisible
 S - the ring "Liumong" (right hand) {Wiz rC- Int+5 Slay+6}
   (You found it on level 9 of the Dungeon)

   [ring of wizardry]

   It improves your spell success rate.
   It affects your intelligence (+5).
   It affects your accuracy and damage with ranged weapons and melee attacks
   (+6).
   It makes you vulnerable to cold.
Wands
 b - a wand of acid (5)
 m - a wand of polymorph (24)
 t - a wand of flame (52)
 B - a wand of random effects (40)
 D - a wand of paralysis (14)
 R - a wand of charming (8)
 Y - a wand of iceblast (29)
Scrolls
 e - 5 scrolls of fog
 g - 6 scrolls of enchant armour
 i - 13 scrolls of teleportation
 l - 2 scrolls of magic mapping
 p - 4 scrolls of immolation
 r - 2 scrolls of amnesia
 x - 2 scrolls of summoning
 K - 4 scrolls of silence
 M - a scroll of enchant weapon
 P - 2 scrolls of vulnerability
Potions
 c - 5 potions of invisibility
 d - 8 potions of lignification
 f - 9 potions of curing
 h - 7 potions of haste
 s - 3 potions of cancellation
 G - 2 potions of might
 H - 4 potions of ambrosia
 J - 3 potions of mutation
 N - 2 potions of brilliance
 X - 4 potions of magic
 Z - 5 potions of attraction
Miscellaneous
 A - a tin of tremorstones (2/2)
 U - a lightning rod (4/4)


   Skills:
 + Level 9.2 Fighting
 + Level 12.4 Staves
 + Level 8.7 Armour
 - Level 3.5 Dodging
 - Level 3.5 Stealth
 - Level 5.4 Shields
 + Level 11.8 Spellcasting
 - Level 12.0 Conjurations
 - Level 5.0 Summonings
 + Level 4.0 Fire Magic
 - Level 15.0 Ice Magic
 + Level 11.1 Evocations


You had 3 spell levels left.
You knew the following spells:

 Your Spells              Type           Power        Failure   Level
a - Freeze                Ice            100%         0%          1
b - Frozen Ramparts       Ice            100%         0%          3
c - Ozocubu's Armour      Ice            100%         0%          3
d - Hailstorm             Conj/Ice       98%          1%          4
e - Summon Ice Beast      Ice/Summ       85%          1%          4
f - Ignite Poison         Fire/Tmut/Pois 54%          1%          3
g - Wereblood             Tmut           26%          1%          2
h - Ice Form              Ice/Tmut       75%          1%          4
i - Starburst             Conj/Fire      38%          3%          6
j - Simulacrum            Ice/Necr       37%          4%          6

Your spell library contained the following spells:

 Spells                   Type           Power        Failure   Level
 Magic Dart               Conj           100%         0%          1
 Animate Skeleton         Necr           52%          1%          1
 Beastly Appendage        Tmut           52%          1%          1
 Foxfire                  Conj/Fire      100%         1%          1
 Pain                     Necr           100%         1%          1
 Shock                    Conj/Air       100%         1%          1
 Sting                    Tmut/Pois      100%         1%          1
 Summon Small Mammal      Summ           100%         1%          1
 Poisonous Vapours        Pois/Air       78%          1%          2
 Swiftness                Air            26%          1%          2
 Mephitic Cloud           Conj/Pois/Air  75%          1%          3
 Spider Form              Tmut/Pois      19%          1%          3
 Static Discharge         Conj/Air       68%          1%          3
 Vampiric Draining        Necr           13%          1%          3
 Bolt of Magma            Conj/Fire/Erth 32%          1%          5
 Irradiate                Conj/Tmut      34%          1%          5
 Lightning Bolt           Conj/Air       34%          1%          5
 Animate Armour           Summ/Erth      96%          2%          4
 Airstrike                Air            13%          6%          4
 Animate Dead             Necr           13%          6%          4
 Cause Fear               Hex            13%          6%          4
 Leda's Liquefaction      Hex/Erth       13%          6%          4
 Olgreb's Toxic Radiance  Pois           39%          6%          4
 Summon Forest            Summ/Tloc      24%          6%          5
 Summon Mana Viper        Hex/Summ       48%          6%          5
 Iron Shot                Conj/Erth      34%          8%          6
 Shadow Creatures         Summ           N/A          12%         6
 Agony                    Necr           26%          16%         5
 Blade Hands              Tmut           13%          16%         5
 Borgnjor's Vile Clutch   Necr/Erth      13%          16%         5
 Silence                  Hex/Air        13%          16%         5
 Yara's Violent Unravell  Hex/Tmut       13%          16%         5
 Summon Hydra             Summ           31%          52%         7
 Death Channel            Necr           13%          63%         6
 Hydra Form               Tmut           13%          63%         6
 Statue Form              Tmut/Erth      17%          63%         6
 Malign Gateway           Summ/Tloc      24%          85%         7
 Dragon Form              Tmut           13%          99%         7
 Discord                  Hex            13%          100%        8
 Shatter                  Erth           13%          100%        9


Dungeon Overview and Level Annotations

Branches:
Dungeon (15/15)            Temple (0/1) D:6            Lair (6/6) D:11
 Shoals (4/4) Lair:4        Snake (1/4) Lair:2        Slime (0/5) Lair:6
    Orc (2/2) D:12            Elf (1/3) Orc:2        Vaults (0/5) D:13
 Depths (0/5) D:15         Bailey (visited)           IceCv (visited)

Shops:
Orc:2 :?([   Elf:1 :   Shoals:3 (

Portals:
Trove: D:14 (give +6 demon trident)

Annotations:
D:7 1 runed translucent door
Snake:1 Aizul, Jorgrun, Rupert


Innate Abilities, Weirdness & Mutations

You have an increased reservoir of magic. (+10% MP)
Your flesh is cold resistant. (rC+)
You are strong-willed. (Will+)
You are covered in fur. (AC +1)
Your muscles are strong. (Str +2)


Message History

Unknown command.
The naga warrior's grasp on you weakens, but your attempt to escape fails.
Aizul misses you. You block Jorgrun's attack.
The naga hits you from afar with a +0 halberd!
The naga warrior hits you from afar with a +0 trident!!
* * * LOW HITPOINT WARNING * * *
A salamander comes into view. It is wielding a +1 halberd of flaming.
Rupert hits you with a +2 battleaxe of flaming!
* * * LOW HITPOINT WARNING * * *
Rupert burns you.
* * * LOW HITPOINT WARNING * * *
Unknown command.
Unknown command.
Okay, then.
Unknown command.
Okay, then.
Unknown command.
Unknown command.
Okay, then.
Unknown command.
Okay, then.
Unknown command.
Okay, then.
Okay, then.
You feel much better. You block Aizul's attack. The anaconda bites you!
The naga warrior closely misses you.
The naga hits you from afar with a +0 halberd.
* * * LOW HITPOINT WARNING * * *
The naga warrior hits you but does no damage.
* * * LOW HITPOINT WARNING * * *
The naga warrior constricts you.
Jorgrun points at you and mumbles some strange words.
The iron shot hits you!!
* * * LOW HITPOINT WARNING * * *
Aizul closely misses you.
A naga sharpshooter comes into view. It is wielding a +0 war axe.
The salamander mystic casts a spell at the naga sharpshooter.
The naga sharpshooter seems to speed up.
The anaconda bites you.
You die...

.#..........
........N..
...........
........N.
.......NN#
....>.SNN#
......NS@#.#...
.....Sg@.....#
N....NS....###
.....N.........
..........#####
.........##
..........
........##
##.....##


You could see Aizul, Rupert, Jorgrun, 2 naga warriors, a naga sharpshooter
(fast), a salamander mystic, 2 salamanders, an anaconda, a naga ritualist, a
mana viper, a black mamba and 3 nagas.

Vanquished Creatures
  A tentacled starspawn (Abyss:2)
  Polyphemus (Shoals:2)
  Frances (D:13)
  Ilsuiw (Shoals:2)
  A deep elf sorcerer (Elf:1)
  Azrael (D:13)
  10 merfolk impalers
  10 merfolk javelineers
  A yaktaur captain (D:13)
  The ghost of Avack the Grappler, a journeyman TrWz of Hepliaklqana (Lair:2)
  An ogre mage (D:15)
  2 boulder beetles
  A catoblepas (Shoals:2)
  5 hydras
  2 alligator snapping turtles
  3 merfolk avatars
  3 dancing weapons
  10 death yaks
  2 satyrs
  5 merfolk aquamancers
  5 two-headed ogres
  3 deep elf knights (Elf:1)
  A wretched star (Abyss:2)
  4 orc high priests
  A fire crab (shapeshifter) (D:13)
  2 large abominations (Abyss:2)
  8 sea snakes
  2 unseen horrors (D:11)
  2 deep elf archers (Elf:1)
  10 wizards
  19 harpies
  A necromancer (IceCv)
  6 orc knights
  14 deep elf zephyrmancers
  8 orc sorcerers
  13 deep elf pyromancers (Elf:1)
  5 ugly things
  2 oklob plants (Lair:2)
  9 fauns
  20 manticores
  19 elephants
  15 merfolk sirens
  6 cyclopes
  3 ice statues (IceCv)
  9 water nymphs
  A naga mage (D:15)
  3 black mambas
  3 gargoyles
  A smoke demon (Abyss:2)
  A guardian serpent (shapeshifter) (D:14)
  25 cane toads
  A hellion (Abyss:2)
  2 rime drakes
  2 yaktaurs
  A komodo dragon (shapeshifter) (D:15)
  8 komodo dragons
  8 ice devils (IceCv)
  Maggie (D:10)
  A hornet (D:15)
  6 trolls
  31 merfolk
  4 tyrant leeches (Lair:6)
  11 wind drakes
  Grinder (D:6)
  3 slime creatures (D:11)
  35 blink frogs
  16 dream sheep
  12 snapping turtles
  An air elemental (Elf:1)
  10 water elementals
  A fire bat (Abyss:2)
  A shadow (D:11)
  3 wyverns
  2 fire elementals (D:13)
  42 yaks
  A human (D:12)
  A basilisk (Lair:3)
  A chaos spawn (Abyss:2)
  Grum (D:11)
  8 vampire mosquitoes
  A naga (Lair:2)
  3 soldier ants
  3 wargs
  4 hell hounds (D:13)
  16 water moccasins
  A sky beast (D:15)
  4 black bears
  3 ice beasts
  32 orc warriors
  4 necrophages
  8 ogres
  An eye of draining (D:12)
  A small abomination (Abyss:2)
  24 wolves
  4 centaurs
  2 phantoms
  3 kobold brigands
  33 bullfrogs
  An elf zombie (D:8)
  An earth elemental (Elf:1)
  3 scorpions
  A wyvern skeleton (D:14)
  13 killer bees
  2 wights
  A howler monkey (D:11)
  15 electric eels
  2 draconian simulacra (IceCv)
  2 jellies
  4 bullfrog zombies
  6 human zombies (D:8)
  2 centaur zombies (D:11)
  4 hounds
  A wyvern simulacrum (D:13)
  2 bullfrog skeletons
  16 orc priests
  Crazy Yiuf (D:6)
  8 centaur skeletons
  22 orc wizards
  4 iguanas
  13 worker ants
  A spriggan simulacrum (IceCv)
  A troll simulacrum (IceCv)
  3 centaur simulacra
  2 hound skeletons
  A mummy (D:8)
  3 gnolls (D:7)
  A howler monkey skeleton (D:11)
  4 naga simulacra (IceCv)
  11 adders
  A shadow imp (D:8)
  10 white imps
  6 ufetubi
  An adder zombie (D:8)
  An adder skeleton (D:8)
  A worm (D:2)
  3 dart slugs
  5 leopard geckos
  88 orcs
  2 giant cockroaches
  7 hobgoblins
  18 jackals
  2 quokkas
  2 ball pythons
  10 bats
  7 frilled lizards
  11 goblins
  24 kobolds
  An orc skeleton (D:8)
  An orc zombie (D:8)
  2 quokka skeletons (D:8)
  3 rats
  2 butterflies
1004 creatures vanquished.

Vanquished Creatures (collateral kills)
  Louise (D:15)
  A hydra (Lair:6)
  Urug (D:13)
  A deep elf archer (Elf:1)
  A sea snake (Shoals:2)
  An ugly thing (D:11)
  An ice statue (IceCv)
  A cane toad (Lair:6)
  An ice devil (IceCv)
  A slime creature (D:11)
  4 blink frogs (Lair:6)
  2 centaur simulacra (D:13)
  A fire elemental (D:13)
  2 vampire mosquitoes (Lair:6)
  3 soldier ants (D:7)
  A water moccasin (D:7)
  A hell hound (D:13)
  3 bullfrogs (Lair:6)
  A wyvern skeleton (D:11)
  2 orc wizards (D:8)
  3 worker ants (D:7)
  2 adders
35 creatures vanquished.

Vanquished Creatures (others)
  A manticore (Shoals:4)
  A water elemental (Shoals:2)
  An ufetubus (D:13)
  A bush (Lair:6)
  42 fungi
  314 plants
  4 starspawn tentacles (Abyss:2)
364 creatures vanquished.

Grand Total: 1403 creatures vanquished

Notes
Turn   | Place    | Note
-------+----------+-------------------------------------------
     0 | D:1      | Anon1729 the Demigod Ice Elementalist began the quest for
                  | the Orb.
     0 | D:1      | Reached XP level 1. HP: 14/14 MP: 5/5
   231 | D:1      | Reached XP level 2. HP: 10/20 MP: 0/7
  1313 | D:2      | Reached skill level 4 in Ice Magic
  1474 | D:2      | Reached XP level 3. HP: 21/26 MP: 6/8
  1723 | D:2      | Found a shimmering blue altar of Sif Muna.
  1723 | D:2      | Found a blossoming altar of Fedhas.
  1738 | D:2      | Found an ancient bone altar of Kikubaaqudgha.
  2283 | D:2      | Found a faded altar of an unknown god.
  3199 | D:3      | Found a shadowy altar of Dithmenos.
  3254 | D:3      | Learned a level 3 spell: Frozen Ramparts
  3370 | D:3      | Reached XP level 4. HP: 24/33 MP: 7/10
  4214 | D:4      | Reached XP level 5. HP: 23/38 MP: 2/11
  5676 | D:4      | Reached XP level 6. HP: 15/45 MP: 9/13
  5877 | D:4      | Learned a level 3 spell: Ozocubu's Armour
  5882 | D:4      | Learned a level 4 spell: Hailstorm
  5966 | D:5      | Entered Level 5 of the Dungeon
  6303 | D:5      | Reached skill level 1 in Conjurations
  6303 | D:5      | Reached skill level 5 in Ice Magic
  6591 | D:5      | Reached skill level 1 in Armour
  6831 | D:5      | Reached XP level 7. HP: 25/50 MP: 13/15
  7606 | D:5      | Found a burning altar of Makhleb.
  8414 | D:6      | Noticed Grinder
  8423 | D:6      | Found a staircase to the Ecumenical Temple.
  8476 | D:6      | Got a warped morningstar
  8477 | D:6      | Identified the +6 morningstar of the Sneaky Knives {vorpal,
                  | Str+2} (You found it on level 6 of the Dungeon)
  8756 | D:6      | Found a runed translucent door.
  8757 | D:6      | Noticed Crazy Yiuf
  8881 | D:6      | Killed Grinder
  8882 | D:6      | Reached XP level 8. HP: 51/57 MP: 2/18
  9046 | D:6      | Reached skill level 6 in Ice Magic
  9510 | D:6      | Killed Crazy Yiuf
  9581 | D:7      | Found the +9 staff of Olgreb {rPois∞}
  9648 | D:7      | Reached skill level 5 in Spellcasting
  9748 | D:7      | Found a runed translucent door.
  9753 | D:7      | Found a runed translucent gate.
  9753 | D:7      | Found a runed translucent gate.
  9754 | D:7      | Found a runed translucent door.
  9768 | D:7      | Found a runed translucent gate.
  9844 | D:7      | Reached skill level 7 in Ice Magic
 10701 | D:7      | Got a transparent hand axe
 10702 | D:7      | Identified the +6 hand axe "Enaclul" {antimagic, rPois
                  | rC++} (You found it on level 7 of the Dungeon)
 10708 | D:7      | Learned a level 4 spell: Summon Ice Beast
 11152 | D:7      | Reached skill level 5 in Conjurations
 11152 | D:7      | Reached XP level 9. HP: 42/62 MP: 5/21
 11154 | D:7      | Reached skill level 8 in Ice Magic
 11504 | D:7      | Reached skill level 9 in Ice Magic
 11736 | D:8      | Noticed a gargoyle
 11740 | D:8      | Killed a gargoyle
 11741 | D:8      | Reached skill level 1 in Staves
 11741 | D:8      | Reached skill level 1 in Evocations
 14047 | D:8      | Reached XP level 10. HP: 56/69 MP: 24/24
 14207 | D:8      | Found an ancient bone altar of Kikubaaqudgha.
 15627 | D:9      | Reached skill level 10 in Ice Magic
 16058 | D:9      | Got a slimy lead ring
 16153 | D:10     | Entered Level 10 of the Dungeon
 16156 | D:10     | Noticed Maggie
 16183 | D:10     | Killed Maggie
 16455 | D:10     | Identified the ring "Liumong" {Wiz rC- Int+5 Slay+6} (You
                  | found it on level 9 of the Dungeon)
 16476 | D:10     | Noticed a two-headed ogre
 16485 | D:10     | Killed a two-headed ogre
 16763 | D:10     | You fall into a shaft and drop 2 floors!
 16774 | D:12     | Noticed a manticore
 16781 | D:12     | Killed a manticore
 17152 | D:11     | Found a flagged portal.
 17176 | Bailey   | Entered a bailey
 17325 | Bailey   | Found an iron altar of Okawaru.
 17800 | D:11     | Noticed a two-headed ogre
 17805 | D:11     | Killed a two-headed ogre
 17810 | D:11     | Reached skill level 11 in Ice Magic
 17955 | D:11     | Noticed a white ugly thing
 17959 | D:11     | Reached XP level 11. HP: 60/74 MP: 15/26
 18193 | D:11     | Noticed Grum
 18202 | D:11     | Killed Grum
 18645 | D:11     | Killed an unseen horror
 18922 | D:11     | Reached skill level 5 in Staves
 18922 | D:11     | Reached skill level 5 in Evocations
 19075 | D:11     | Noticed a death yak
 19088 | D:11     | Killed an unseen horror
 19095 | D:11     | Noticed a death yak
 19097 | D:11     | Noticed a death yak
 19100 | D:11     | Killed a death yak
 19110 | D:11     | Killed a death yak
 19493 | D:10     | Killed a death yak
 19494 | D:10     | Reached skill level 12 in Ice Magic
 20127 | D:11     | Noticed an eight-headed hydra
 20302 | D:11     | Found a staircase to the Lair.
 21381 | D:11     | Noticed a boulder beetle
 21407 | D:11     | Killed a boulder beetle
 21408 | D:11     | Reached XP level 12. HP: 81/81 MP: 6/29
 21632 | D:11     | Killed an eight-headed hydra
 21937 | D:12     | Reached skill level 1 in Fighting
 22087 | D:12     | Found a staircase to the Orcish Mines.
 22555 | D:12     | Found a basalt altar of Yredelemnul.
 23030 | D:13     | Noticed Urug
 23348 | D:13     | Killed Urug
 23543 | D:13     | Noticed Azrael
 23839 | D:13     | Reached skill level 13 in Ice Magic
 24344 | D:13     | Killed Azrael
 24490 | D:13     | Noticed a yaktaur captain
 24594 | Lair:1   | Entered Level 1 of the Lair of Beasts
 25517 | Lair:2   | Noticed a four-headed hydra
 25945 | Lair:2   | Found a staircase to the Snake Pit.
 26625 | Lair:2   | Upgraded the game from 0.27-a0-343-gfcad680f63 to
                  | 0.27-a0-346-ga689d4a613
 26646 | Lair:2   | Reached XP level 13. HP: 80/96 MP: 10/31
 27387 | Lair:2   | Found a runed translucent door.
 27388 | Lair:2   | Found a shimmering altar of Xom.
 27388 | Lair:2   | Noticed Avack's ghost (journeyman TrWz)
 27669 | Lair:2   | Paralysed by a +1 flail of chaos for 4 turns
 27678 | Lair:2   | Killed Avack's ghost
 28644 | Lair:3   | Found a shimmering altar of Xom.
 29199 | Lair:4   | Reached skill level 10 in Conjurations
 29406 | Lair:4   | Reached skill level 1 in Shields
 29920 | Lair:4   | Found a staircase to the Shoals.
 30100 | Lair:4   | Reached skill level 5 in Fighting
 32109 | Lair:6   | Entered Level 6 of the Lair of Beasts
 32220 | Lair:6   | Reached skill level 10 in Spellcasting
 32810 | Lair:6   | Reached XP level 14. HP: 94/107 MP: 17/32
 34305 | Lair:6   | Reached skill level 5 in Armour
 34360 | Lair:6   | Reached skill level 14 in Ice Magic
 34467 | Lair:6   | Found a viscous altar of Jiyva.
 34467 | Lair:6   | Found a staircase to the Slime Pits.
 35611 | Lair:6   | Learned a level 2 spell: Wereblood
 35611 | Lair:6   | Identified 3 scrolls of acquirement
 35816 | D:11     | Acquired the +6 lajatang of Asacwyopt {elec, +Blink Str+5}
 35818 | D:11     | Acquired a +1 pair of gloves of dexterity
 35819 | D:11     | Acquired the ring of Luoll {rN+ Int+6 Slay+3 Stlth+}
 35873 | Orc:1    | Entered Level 1 of the Orcish Mines
 36103 | Orc:1    | Found a frozen archway.
 36186 | IceCv    | Entered an ice cave
 36617 | IceCv    | Learned a level 4 spell: Airstrike
 37682 | IceCv    | Learned a level 4 spell: Ice Form
 39551 | IceCv    | Got a scorched halberd
 39561 | IceCv    | Got a bone scimitar
 39563 | IceCv    | Identified the +5 scimitar of Powerful True Grit {vamp,
                  | Int+2 Stlth+} (You found it in an ice cave)
 39564 | IceCv    | Identified the +4 halberd "Layh" {vorpal, Str+4 Int+4} (You
                  | found it in an ice cave)
 40400 | Orc:2    | Entered Level 2 of the Orcish Mines
 40403 | Orc:2    | Found a staircase to the Elven Halls.
 40516 | Orc:2    | Found a roughly hewn altar of Beogh.
 40693 | Orc:2    | Found a roughly hewn altar of Beogh.
 40937 | Orc:2    | Reached skill level 1 in Summonings
 41521 | Orc:2    | Paralysed by an orc sorcerer for 3 turns
 41603 | Orc:2    | Found Qezxav's Book Shoppe.
 41603 | Orc:2    | Found Ore Ohonk's Armour Boutique.
 41614 | Orc:2    | Found Aregapab's Magic Scroll Shoppe.
 41614 | Orc:2    | Found Hompoty's Antique Weapon Boutique.
 41622 | Orc:2    | Bought a scroll of identify for 24 gold pieces
 41631 | Orc:2    | Bought a manual of Staves for 1545 gold pieces
 41635 | Orc:2    | Bought a scroll of identify for 24 gold pieces
 41635 | Orc:2    | Bought a scroll of identify for 24 gold pieces
 41635 | Orc:2    | Bought a scroll of identify for 24 gold pieces
 41939 | Elf:1    | Entered Level 1 of the Elven Halls
 42297 | Elf:1    | Reached XP level 15. HP: 117/117 MP: 25/34
 42330 | Elf:1    | HP: 5/117 [deep elf archer/arrow (7)]
 42862 | Elf:1    | Identified the Handbook of Supportive Attacks
 43056 | Elf:1    | Reached skill level 5 in Shields
 43080 | Elf:1    | Found Jiuforio's Book Shoppe.
 44433 | D:13     | Identified the +5 spear "Favuobri" {drain, rElec Str+4}
 44434 | D:13     | Found a gate to the Vaults.
 44478 | D:13     | Noticed Frances
 44913 | D:13     | Killed Frances
 45950 | D:14     | Cast into level 2 of the Abyss (a wizard)
 45999 | Abyss:2  | Noticed a lich
 46038 | Abyss:2  | Noticed a tentacled starspawn
 46059 | Abyss:2  | Killed a tentacled starspawn
 46060 | Abyss:2  | Reached skill level 10 in Staves
 46084 | D:14     | Escaped the Abyss
 46524 | D:14     | Found the +3 warlock's mirror {reflect}
 46529 | D:14     | Cast into level 2 of the Abyss (a wizard)
 46538 | Abyss:2  | Found a corrupted altar of Lugonu.
 46584 | Abyss:2  | Acquired a book of Transfigurations
 46645 | Abyss:2  | Gained mutation: Potions are less effective at restoring
                  | your health. [a neqoxec]
 46649 | Abyss:2  | Gained mutation: Scrolls take you a little longer to read.
                  | [a neqoxec]
 46650 | D:14     | Escaped the Abyss
 47467 | D:14     | Found a portal to a secret trove of treasure.
 47797 | D:15     | Entered Level 15 of the Dungeon
 47920 | D:15     | Found a glowing silver altar of Zin.
 48209 | D:15     | Lost mutation: Potions are less effective at restoring your
                  | health. [potion of mutation]
 48209 | D:15     | Lost mutation: Scrolls take you a little longer to read.
                  | [potion of mutation]
 48209 | D:15     | Gained mutation: You are partially covered in thin metallic
                  | scales. (AC +2) [potion of mutation]
 48209 | D:15     | Gained mutation: Your spells are a little easier to cast,
                  | but a little less powerful. [potion of mutation]
 48209 | D:15     | Gained mutation: You expend magic power (3 MP) to
                  | strengthen your wands. [potion of mutation]
 48210 | D:15     | Lost mutation: Your spells are a little easier to cast, but
                  | a little less powerful. [potion of mutation]
 48210 | D:15     | Lost mutation: You are partially covered in thin metallic
                  | scales. (AC +2) [potion of mutation]
 48210 | D:15     | Gained mutation: You have a somewhat thin skeletal
                  | structure. (Dex +2, Stealth) [potion of mutation]
 48210 | D:15     | Gained mutation: You are strong-willed. (Will+) [potion of
                  | mutation]
 48210 | D:15     | Gained mutation: You tend to lose your temper in combat.
                  | [potion of mutation]
 48210 | D:15     | Gained mutation: You are covered in fur. (AC +1) [potion of
                  | mutation]
 48211 | D:15     | Lost mutation: You tend to lose your temper in combat.
                  | [potion of mutation]
 48211 | D:15     | Lost mutation: You expend magic power (3 MP) to strengthen
                  | your wands. [potion of mutation]
 48211 | D:15     | Lost mutation: You have a somewhat thin skeletal structure.
                  | (Dex +2, Stealth) [potion of mutation]
 48211 | D:15     | Gained mutation: Your muscles are strong. (Str +2) [potion
                  | of mutation]
 48211 | D:15     | Gained mutation: Your flesh is cold resistant. (rC+)
                  | [potion of mutation]
 48366 | D:15     | Found a staircase to the Depths.
 48950 | D:15     | Noticed Louise
 48961 | D:15     | Killed Louise
 49328 | Snake:1  | Entered Level 1 of the Snake Pit
 49328 | Snake:1  | Noticed Rupert
 49328 | Snake:1  | Noticed Jorgrun
 49330 | Snake:1  | Noticed Aizul
 49382 | Shoals:1 | Entered Level 1 of the Shoals
 49556 | Shoals:1 | Reached skill level 10 in Evocations
 50304 | Shoals:1 | Reached XP level 16. HP: 94/127 MP: 9/36
 50484 | Shoals:2 | Noticed Polyphemus
 50494 | Shoals:2 | Noticed Ilsuiw
 50518 | Shoals:2 | Killed Ilsuiw
 51244 | Shoals:2 | Learned a level 6 spell: Starburst
 51626 | Shoals:1 | Reached skill level 5 in Summonings
 51803 | Shoals:2 | Reached skill level 1 in Fire Magic
 52748 | Shoals:2 | Killed Polyphemus
 53439 | Shoals:3 | Learned a level 6 spell: Simulacrum
 54597 | Shoals:3 | Found Poroeriy's Antique Weapon Boutique.
 55042 | Shoals:4 | Entered Level 4 of the Shoals
 55075 | Shoals:4 | Found a flickering gateway to a bazaar.
 55098 | Bazaar   | Entered a bazaar
 55231 | Bazaar   | Found Xovaled's Jewellery Boutique.
 55253 | Bazaar   | Found Oleuran's Antique Weapon Emporium.
 55274 | Bazaar   | Found Veduatupnu's Book Boutique.
 55294 | Bazaar   | Found Xoniul Icky's Antique Armour Shoppe.
 55300 | Bazaar   | Bought a brightly glowing chain mail for 171 gold pieces
 55355 | Bazaar   | Bought a Young Poisoner's Handbook for 560 gold pieces
 55360 | Bazaar   | Learned a level 3 spell: Ignite Poison
 55361 | Bazaar   | Identified the +3 chain mail of Defence {Dex+3 Stlth+} (You
                  | bought it in a shop in a bazaar)
 55601 | Shoals:4 | Reached skill level 15 in Ice Magic
 57013 | Shoals:4 | Reached XP level 17. HP: 66/136 MP: 17/37
 57313 | Shoals:4 | Got a barnacled rune of Zot
 58600 | Snake:1  | HP: 1/138 [Jorgrun/iron shot (32)]
 58600 | Snake:1  | Slain by an anaconda

Illustrated notes

Levels and vault maps discovered:
D:1:      psy_arrival_heroes, layout_basic
D:2:      layout_loops_corners, gammafunk_temple_overflow_wave, serial_glass,
          glass_columns_a, glass_columns_b, chequers_ecumenical_altar_twisty,
          lemuel_tele_altar
D:3:      layout_basic, nicolae_dithmenos_shadow_blocks, serial_bayou_pond_e
D:4:      layout_loops_corners
D:5:      layout_basic, nicolae_overflow_hidden_temple, feat_on_display
D:6:      layout_basic, minmay_temple_entry_mini_moons,
          minmay_manual_macuahuitl, uniq_crazy_yiuf_cottage, uniq_grinder
D:7:      layout_rooms, minivault_10, minmay_guarded_unrand_staff_of_olgreb
D:8:      layout_rooms, lemuel_mausoleum_altar_kikubaaqudgha, serial_bayou,
          serial_bayou_lagoon_b, serial_bayou_ford_a, serial_bayou_lake_a,
          serial_bayou_pond_a, serial_bayou_pond_b
D:9:      layout_loops_ring
D:10:     layout_cave_pools, uniq_maggie
D:11:     minmay_imperfect_grid, layout_irregular_city, dpeg_lair_monsters,
          serial_column_ruins, column_ruins_columns_straight,
          column_ruins_columns_straight, column_ruins_open_small,
          column_ruins_columns_straight, enter_bailey_3, serial_bayou_lagoon_a,
          uniq_grum
D:12:     layout_long_grid, erik_orc_4, yredelemnul_altar_generic
D:13:     layout_basic, david_vaults_2, serial_ice, serial_ice_c, serial_ice_i,
          serial_ice_b, serial_ice_n, serial_ice_m, serial_ice_e,
          nrook_pool_corridor, uniq_urug, uniq_frances, uniq_azrael
D:14:     minmay_smoke_and_mirrors, layout_loops_corners, nrook_campfire,
          enter_trove_3
D:15:     grunt_enter_depths_magical_seal, layout_gridville, basic_altar,
          minmay_stone_trees_medium, uniq_louise
Lair:1:   layout_loops_ring
Lair:2:   layout_layer_cave, guppyfry_snake_entry_island, ebering_ghost_xom,
          minmay_lair_oklob_chamber, grunt_megastairs_5
Lair:3:   layout_regular_city, basic_altar, grunt_forest_stairs_basic,
          chequers_serial_rivers_small_3, serial_bayou_pond_d
Lair:4:   layout_hall_layers, elwin_shoals_entry_stream, grunt_megastairs_4,
          infiniplex_staircase_pool_2, lemuel_fruit_fields
Lair:5:   layout_gridlike, serial_bayou_shore_b, grunt_megastairs_3,
          lemuel_fruit_fields
Lair:6:   minmay_lair_end_frog_pond, layout_loops_ring, slime_altar_1
Shoals:1: layout_shoals
Shoals:2: cheibrodos_shoals_baths, layout_shoals,
          nicolae_shoals_arrival_archipelago, uniq_ilsuiw, uniq_polyphemus
Shoals:3: layout_shoals, serial_shops, shop, nicolae_shoals_mertower
Shoals:4: shoals_end_hangedman, layout_shoals, shoal_ilsuiw, serial_shops,
          bzr_entry_water
Snake:1:  layout_rooms, serial_curves, eino_curves_02, eino_curves_04,
          eino_curves_04, uniq_rupert, uniq_aizul, uniq_jorgrun
Orc:1:    layout_diamond_mine, portal_ice_cave_entry_pillars_2
Orc:2:    grunt_orc_tribal_feast, layout_diamond_mine, special_room,
          basic_altar, mines2_david
Elf:1:    eino_elf_arrival_sip, layout_geoelf_octagon, serial_shops,
          nicolae_shop_crystal, minmay_elf_sorcery

Skill      XL: |  1  2  3  4  5  6  7  8  9 10 11 12 13 14 15 16 17 |
---------------+----------------------------------------------------+-----
Stealth        | 2 3 |  3.5
Dodging        | 2 3 |  3.5
Spellcasting   | 2 3 4 5 6 7 8 9 10 11 | 11.8
Ice Magic      | 4 5 7 9 11 12 13 14 15 | 15.0
Conjurations   | 1 3 5 6 7 8 9 10 11 12 | 12.0
Armour         | 1 3 4 5 7 8 |  8.7
Staves         | 1 4 6 7 8 9 10 12 | 12.4
Evocations     | 2 4 6 7 8 9 10 11 | 11.1
Fighting       | 3 5 6 7 8 9 |  9.2
Shields        | 2 4 5 |  5.4
Summonings     | 1 4 5 |  5.0
Fire Magic     | 3 4 |  4.0

Action                   |  1- 3 |  4- 6 |  7- 9 | 10-12 | 13-15 | 16-18 || total
-------------------------+-------+-------+-------+-------+-------+-------++-------
Melee: Unarmed           |     7 |       |       |       |   196 |       ||   203
       Dagger            |    75 |   144 |    53 |       |       |       ||   272
       Morningstar       |       |       |    56 |       |       |       ||    56
       Hand axe          |       |       |    13 |       |       |       ||    13
       Staff             |       |       |   144 |   497 |   831 |   372 ||  1844
       Lajatang          |       |       |       |       |    17 |       ||    17
 Cast: Freeze            |    80 |    37 |     8 |    15 |     9 |       ||   149
       Frozen Ramparts   |       |     1 |     9 |    31 |    28 |     3 ||    72
       Ozocubu's Armour  |       |     3 |     5 |    34 |    26 |     5 ||    73
       Hailstorm         |       |     2 |    25 |    23 |   121 |    38 ||   209
       Summon Ice Beast  |       |       |     4 |    37 |    57 |     6 ||   104
       Airstrike         |       |       |       |       |    26 |       ||    26
       Ice Form          |       |       |       |       |     9 |       ||     9
       Wereblood         |       |       |       |       |     4 |       ||     4
       Ignite Poison     |       |       |       |       |       |    24 ||    24
       Starburst         |       |       |       |       |       |     1 ||     1
Evoke: Staff of Olgreb   |       |       |     8 |    45 |   100 |    34 ||   187
       Wand              |       |       |     1 |     5 |    11 |    51 ||    68
       Tin of tremorston |       |       |       |       |       |     1 ||     1
  Use: Scroll            |     4 |       |     7 |     9 |    16 |     9 ||    45
       Potion            |       |     1 |     1 |     5 |    10 |    11 ||    28
 Stab: Sleeping          |       |     6 |     9 |    11 |    13 |     2 ||    41
       Distracted        |       |       |     1 |     1 |     3 |       ||     5
       Paralysed         |       |       |       |       |     2 |       ||     2
       Petrified         |       |       |       |       |       |     5 ||     5
       Invisible         |       |       |       |       |       |     1 ||     1
Armor: Robe              |    35 |    31 |    29 |     8 |       |       ||   103
       Acid dragon scale |       |       |       |   136 |   259 |    95 ||   490
       Skin              |       |       |       |     5 |    88 |       ||    93
Dodge: Dodged            |   114 |   107 |   163 |   387 |   543 |   220 ||  1534
       Repelled          |       |     1 |    10 |    11 |    16 |    11 ||    49
Block: Buckler           |       |       |       |       |    53 |   166 ||   219
       Reflection        |       |       |       |       |    13 |    31 ||    44

Table legend: (Time is in decaauts)
 A = Elapsed time spent in this place.
 B = Non-inter-level travel time spent in this place.
 C = Inter-level travel time spent in this place.
 D = Time resting spent in this place.
 E = Time spent auto-exploring this place.
 F = Levels seen in this place.
 G = Mean time per level.
                   A        B        C        D        E       F      G
               +--------+--------+--------+--------+--------+-----+--------+
         Total |  58743 |  56806 |   1937 |  20383 |  27495 |  34 | 1727.7 |
       Dungeon |  29384 |  28337 |   1047 |   8597 |  15864 |  15 | 1958.9 |
          Lair |  11302 |  10908 |    394 |   2959 |   6638 |   6 | 1883.7 |
        Shoals |   8983 |   8731 |    252 |   4303 |   2632 |   4 | 2245.8 |
     Snake Pit |      9 |      9 |      0 |      0 |      0 |   1 |    9.0 |
  Orcish Mines |   2487 |   2291 |    196 |    747 |   1154 |   2 | 1243.5 |
   Elven Halls |   1995 |   1949 |     46 |   1079 |    647 |   1 | 1995.0 |
         Abyss |    255 |    255 |      0 |     18 |      0 |   2 |  127.5 |
        Bazaar |    327 |    327 |      0 |    129 |     85 |   1 |  327.0 |
        Bailey |    231 |    231 |      0 |     80 |     22 |   1 |  231.0 |
      Ice Cave |   3766 |   3766 |      0 |   2470 |    452 |   1 | 3766.0 |
               +--------+--------+--------+--------+--------+-----+--------+

Top non-repeatable levels by time:
    D:11: 4003 daAuts
   IceCv: 3766 daAuts
Shoals:4: 3129 daAuts
     D:8: 2808 daAuts
  Lair:2: 2454 daAuts
  Lair:6: 2413 daAuts
  Lair:5: 2351 daAuts
    D:13: 2289 daAuts
     D:7: 2195 daAuts
    D:14: 2175 daAuts
     D:5: 2005 daAuts
Shoals:1: 2000 daAuts
   Elf:1: 1995 daAuts
Shoals:2: 1991 daAuts
     D:4: 1937 daAuts
